 Seeded DCSS version 0.28.0-53-g5a82cb258f (webtiles) character file.

Game seed: 1973 (custom seed)

6111 Kazon the Slicer (level 11, -11/67 (69) HPs)
             Began as a Kobold Berserker on July 15, 2022.
             Was an Elder of Trog.
             Mangled by a two-headed ogre
             ... wielding a +0 giant club
              (19 damage)
             ... on level 9 of the Dungeon.
             The game lasted 00:44:24 (8171 turns).

Kazon the Slicer (Kobold Berserker)                 Turns: 8171, Time: 00:44:25

HP:   -11/67 (69)   AC:  9    Str: 19    XL:     11   Next: 12%
MP:   11/11         EV: 14    Int:  9    God:    Trog [****..]
Gold: 201           SH:  0    Dex: 14    Spells: 10/10 levels left

rFire   . . .      SeeInvis .   c - +2 dagger (vamp)
rCold   . . .      Faith    .   C - orb {*Rage}
rNeg    . . .      Spirit   .   s - +0 scale mail
rPois   .          Reflect  .   l - +1 hat {Stlth+}
rElec   .          Harm     .   (no cloak)
rCorr   .          Rampage  .   (no gloves)
Will    .....      Rage     20% z - +0 pair of boots
Stlth   ++++......              j - amulet of magic regeneration
HPRegen 0.21/turn               (no ring)
MPRegen 0.52/turn               (no ring)

@: on berserk cooldown, slowed, lightly drained, very slow
A: small, no large weapons, nightstalker 3
a: Renounce Religion, Berserk, Trog's Hand, Brothers in Arms


You were on level 9 of the Dungeon.
You worshipped Trog.
Trog was greatly pleased with you.
You visited 1 branch of the dungeon, and saw 9 of its levels.
You also visited: Ossuary.

You collected 393 gold pieces.
You spent 192 gold pieces at shops.

Inventory:

Hand Weapons
 a - a +2 scimitar of freezing
 c - a +2 vampiric dagger (weapon)
 p - a +0 short sword of venom
 v - the +9 rapier of Hospitality {freeze, rElec Int+4}
   (You acquired it on level 5 of the Dungeon)

   It freezes those it strikes, dealing additional cold damage.
   It can also slow down cold-blooded creatures.
   Int:       It affects your intelligence (+4).
   rElec:     It insulates you from electricity.
Missiles
 d - 191 stones
 n - 8 poisoned darts (quivered)
 M - 4 throwing nets
Armour
 l - a +1 hat of stealth (worn)
 s - a +0 scale mail (worn)
 z - a +0 pair of boots (worn)
 B - a +0 leather armour of fire resistance
 C - an orb of wrath (worn)
Jewellery
 j - an amulet of magic regeneration (around neck)
 t - a ring of fire
 L - a ring of poison resistance
Wands
 q - a wand of flame (38)
Scrolls
 b - a scroll of magic mapping {unknown}
 g - 6 scrolls of teleportation {unknown}
 h - 2 scrolls of noise {unknown}
 i - 2 scrolls of enchant weapon {unknown}
 r - a scroll of fog
 w - a scroll of fear {unknown}
 y - a scroll of holy word {unknown}
 D - 3 scrolls of immolation
 E - a scroll of brand weapon {unknown}
 F - a scroll of blinking {unknown}
 K - 2 scrolls of enchant armour {unknown}
Potions
 e - 3 potions of ambrosia
 f - 3 potions of might
 k - a potion of flight
 m - 8 potions of curing
 o - 2 potions of berserk rage
 u - a potion of resistance
 x - 2 potions of cancellation
 A - 3 potions of heal wounds
 G - 2 potions of invisibility
 H - 2 potions of mutation
 I - a potion of lignification
 N - 2 potions of magic


   Skills:
 * Level 8.6 Fighting
 + Level 11.5 Short Blades
 + Level 3.2 Throwing
 + Level 5.7 Armour
 + Level 5.3 Dodging
 + Level 7.3 Stealth
 * Level 7.4 Evocations


You had 10 spell levels left.
You didn't know any spells.
Your spell library was empty.

Dungeon Overview and Level Annotations

Branches:
Dungeon (9/15)             Temple (0/1) D:4         Ossuary (visited)
   Lair: D:8-11         Orc: D:9-12

Altars:
Ashenzari
Cheibriados
Nemelex Xobeh
Trog
Uskayaw
Xom
Zin

Shops:
D:6 !


Innate Abilities, Weirdness & Mutations

You are small and have problems with some larger weapons.
You are completely attuned to the shadows.


Message History

You hit the kobold.
You feel better.
You kill the kobold!
Trog accepts your kill.
A two-headed ogre and a kobold come into view.
The two-headed ogre shouts in stereo!
The kobold shouts!
You hear a shout!
You see here a +0 whip.
You hit the kobold.
You feel better.
The kobold is severely wounded.
The kobold misses you.
You puncture the kobold!
You feel better.
You kill the kobold!
Trog accepts your kill. The kobold closely misses you.
You miss the kobold. You hit the two-headed ogre.
The two-headed ogre is lightly wounded.
The two-headed ogre hits you with a +0 giant club!!
The two-headed ogre closely misses you.
You puncture the two-headed ogre!
You feel better.
The two-headed ogre is moderately wounded.
The kobold completely misses you.
You hit the two-headed ogre.
The two-headed ogre is moderately wounded.
You hit the two-headed ogre.
You feel better.
The two-headed ogre is moderately wounded.
You hit the two-headed ogre.
You feel better.
The two-headed ogre is heavily wounded.
You are no longer berserk.
You are exhausted.
You feel yourself slow down. The kobold barely misses you.
The two-headed ogre hits you with a +0 giant club!!
* * * LOW HITPOINT WARNING * * *
The two-headed ogre hits you with a +0 great mace.
* * * LOW HITPOINT WARNING * * *
Your ogre goes berserk!
The kobold hits you with a +0 whip.
* * * LOW HITPOINT WARNING * * *
The two-headed ogre closely misses you.
The two-headed ogre hits you with a +0 great mace!!
You die...

## ###.###..
#.....#.# #.#
#.#.##### ## # #.#
#.....).##.#.#
####.###.#.###.#)KO..
...........# #.)@O..#
############ ###...##
##.... ####


You could see a two-headed ogre, a kobold (ally target) and a friendly ogre
(summoned, berserk).

Vanquished Creatures
  Gastronok (D:8)
  Harold (D:8)
  A komodo dragon (D:7)
  Prince Ribbit (D:8)
  A water moccasin (D:4)
  A black bear (D:7)
  A sky beast (D:7)
  An ice beast (D:8)
  A hornet zombie (Ossuary)
  2 necrophages
  3 ogres
  A centaur (D:8)
  A phantom (D:3)
  A kobold brigand (D:9)
  3 bullfrogs
  5 wyvern zombies (Ossuary)
  3 scorpions
  2 water moccasin zombies (Ossuary)
  12 killer bees
  13 wights
  3 bullfrog zombies
  5 centaur zombies
  2 hounds
  A centaur skeleton (D:7)
  A jelly (D:6)
  An orc priest (D:7)
  A bullfrog skeleton (D:6)
  An iron imp (D:3)
  Jessica (D:2)
  16 mummies (Ossuary)
  2 iguanas
  A killer bee zombie (Ossuary)
  A hound skeleton (D:4)
  4 gnolls (D:2)
  A howler monkey skeleton (D:4)
  6 adders
  A white imp (D:5)
  An ufetubus (D:4)
  A worm (D:2)
  A dart slug (D:3)
  6 orcs
  12 ball pythons
  5 endoplasms
  5 giant cockroaches
  9 goblins
  8 hobgoblins
  5 jackals (D:1)
  14 kobolds
  6 quokkas
  2 bats
  6 frilled lizards
  6 rats
190 creatures vanquished.

Vanquished Creatures (others)
  8 withered plants (Ossuary)
8 creatures vanquished.

Grand Total: 198 creatures vanquished

Notes
Turn   | Place    | Note
-------+----------+-------------------------------------------
     0 | D:1      | Kazon the Kobold Berserker began the quest for the Orb.
     0 | D:1      | Reached XP level 1. HP: 14/14 MP: 1/1
   199 | D:1      | Reached XP level 2. HP: 19/19 MP: 2/2
   360 | D:1      | Reached skill level 5 in Short Blades
   360 | D:1      | Reached XP level 3. HP: 23/23 MP: 3/3
   437 | D:1      | Reached ** piety under Trog
   604 | D:1      | Reached skill level 1 in Stealth
   909 | D:2      | Noticed Jessica
   914 | D:2      | Killed Jessica
   915 | D:2      | Reached XP level 4. HP: 28/28 MP: 4/4
  1021 | D:2      | Found a faded altar of an unknown god.
  1231 | D:2      | Reached XP level 5. HP: 21/33 MP: 5/5
  1553 | D:2      | Reached *** piety under Trog
  1740 | D:3      | Found a bloodstained altar of Trog.
  1766 | D:3      | Noticed a phantom
  1960 | D:3      | Found a snail-covered altar of Cheibriados.
  2031 | D:3      | Reached XP level 6. HP: 38/38 MP: 6/6
  2259 | D:3      | Found a sparkling altar of Nemelex Xobeh.
  2594 | D:3      | Reached skill level 6 in Short Blades
  2594 | D:3      | Reached skill level 1 in Throwing
  3006 | D:4      | Found a hide-covered altar of Uskayaw.
  3109 | D:4      | Found a staircase to the Ecumenical Temple.
  3122 | D:4      | Reached skill level 1 in Evocations
  3122 | D:4      | Reached XP level 7. HP: 27/44 MP: 7/7
  3127 | D:4      | Noticed a water moccasin
  3292 | D:4      | Killed a water moccasin
  3656 | D:5      | Entered Level 5 of the Dungeon
  3668 | D:5      | Reached XP level 8. HP: 48/48 MP: 8/8
  3680 | D:5      | Identified a scroll of acquirement
  3680 | D:5      | Acquired the +9 rapier of Hospitality {freeze, rElec Int+4}
  4011 | D:5      | Reached skill level 5 in Stealth
  4118 | D:5      | Reached skill level 5 in Fighting
  4273 | D:6      | Reached skill level 7 in Short Blades
  4690 | D:6      | Found Vaffell's Distillery.
  4695 | D:6      | Bought a potion of heal wounds for 60 gold pieces
  4695 | D:6      | Bought a potion of mutation for 96 gold pieces
  4695 | D:6      | Bought a potion of lignification for 36 gold pieces
  4710 | D:6      | Found a shimmering altar of Xom.
  4831 | D:7      | Noticed a komodo dragon
  4835 | D:7      | Killed a komodo dragon
  4836 | D:7      | Reached XP level 9. HP: 54/54 MP: 9/9
  4909 | D:7      | Reached skill level 8 in Short Blades
  5154 | D:7      | Reached **** piety under Trog
  5407 | D:7      | Reached skill level 5 in Evocations
  5952 | D:8      | Noticed Harold
  5964 | D:8      | Killed Harold
  5965 | D:8      | Reached skill level 9 in Short Blades
  5965 | D:8      | Reached XP level 10. HP: 32/63 MP: 10/10
  5974 | D:8      | Noticed Prince Ribbit
  5993 | D:8      | Killed Prince Ribbit
  5994 | D:8      | Reached skill level 5 in Armour
  6019 | D:8      | Found a sand-covered staircase.
  6025 | Ossuary  | Entered an ossuary
  6102 | Ossuary  | HP: 3/94 [hornet zombie (8)]
  6104 | Ossuary  | Reached skill level 10 in Short Blades
  6104 | Ossuary  | Reached skill level 5 in Dodging
  6966 | D:8      | Found a glowing silver altar of Zin.
  7036 | D:8      | Noticed Gastronok
  7048 | D:8      | Killed Gastronok
  7049 | D:8      | Reached skill level 11 in Short Blades
  7454 | D:8      | Found a broken altar of Ashenzari.
  7462 | D:8      | Reached XP level 11. HP: 65/69 MP: 11/11
  8161 | D:9      | Noticed a two-headed ogre
  8171 | D:9      | Mangled by a two-headed ogre

Illustrated notes

Levels and vault maps discovered:
D:1:      scummos_arrival_simple_crosswalls, layout_basic, minmay_tripent
D:2:      layout_basic, shapermc_ecumenical_altar_totnotflames, uniq_jessica
D:3:      minmay_skewed_foursquare, layout_basic, slow_altar_1,
          nemelex_diamond_rough_becter, mainiacjoe_overflow_surrounded_room
D:4:      layout_basic, nicolae_uskayaw_murder_on_the_dancefloor,
          minmay_temple_entry_mist, hex_tiny, hangedman_decor_diamond_cutter,
          minmay_misc_feat_tiny
D:5:      layout_basic
D:6:      layout_cave_pools, tgw_xom, serial_shops, shop, minmay_misc_feat_rows
D:7:      layout_basic
D:8:      layout_gridville, lemuel_crystal_altar, zin_scriptorium,
          lightli_ossuary_entry_decrepit_ruins, kennysheep_generic_room_12,
          uniq_prince_ribbit1, uniq_gastronok, uniq_harold
D:9:      layout_loops_ring, kennysheep_okawaru_gauntlet,
          minmay_orc_entry_guard_dogs

Skill      XL: |  1  2  3  4  5  6  7  8  9 10 |
---------------+-------------------------------+-----
Short Blades   | 5 6 7 9 11 | 11.5
Stealth        | 2 3 4 6 7 |  7.3
Dodging        | 3 4 5 |  5.3
Fighting       | 4 5 7 8 |  8.6
Armour         | 2 3 4 5 |  5.7
Throwing       | 1 2 3 |  3.2
Evocations     | 1 2 4 5 7 |  7.4

Action                   |  1- 3 |  4- 6 |  7- 9 | 10-12 || total
-------------------------+-------+-------+-------+-------++-------
Melee: Dagger            |   104 |   192 |    64 |    18 ||   378
       Short sword       |     2 |     3 |    42 |    73 ||   120
       Punch             |     1 |     4 |     3 |       ||     8
       Rapier            |       |       |    86 |   151 ||   237
Throw: Stone             |       |    10 |    11 |     4 ||    25
       Dart              |       |       |     3 |     2 ||     5
Invok: Berserk           |       |     1 |     3 |       ||     4
       Trog's Hand       |       |       |     3 |     2 ||     5
       Brothers in Arms  |       |       |       |     1 ||     1
  Use: Scroll            |       |     2 |     7 |     6 ||    15
       Potion            |       |       |     1 |     3 ||     4
 Stab: Sleeping          |    13 |    14 |     7 |     2 ||    36
       Distracted        |       |       |     1 |       ||     1
Armor: Animal skin       |     3 |    10 |       |       ||    13
       Scale mail        |       |    12 |    36 |    49 ||    97
Dodge: Dodged            |    49 |   107 |    86 |   150 ||   392
